 Dungeon Crawl Stone Soup version 0.28-a0-1594-ga885d4b3d6 (webtiles) character file.

Game seed: 6009946419291484013

71 hashsling the Magician (level 4, -2/25 HPs)
             Began as a Deep Elf Hedge Wizard on Jan 20, 2022.
             Killed by nerve-wracking pain
             ... invoked by Grinder
              (7 damage)
             ... on level 3 of the Dungeon.
             The game lasted 00:07:12 (2035 turns).

hashsling the Magician (Deep Elf Hedge Wizard)      Turns: 2035, Time: 00:07:12

Health: -2/25      AC:  3    Str:  7    XL:     4   Next: 5%
Magic:  0/13       EV: 17    Int: 21    God:
Gold:   87         SH:  0    Dex: 14    Spells: 2/13 levels left

rFire   . . .      SeeInvis .   i - staff of death
rCold   . . .      Faith    .   (no shield)
rNeg    + . .      Spirit   .   b - +0 robe
rPois   .          Reflect  .   c - +0 hat
rElec   .          Harm     .   (no cloak)
rCorr   .          Rampage  .   (no gloves)
Will    .....                   f - +0 pair of boots
Stlth   ++........              (no amulet)
HPRegen 0.08/turn               g - +4 ring of evasion
MPRegen 0.13/turn               (no ring)

@: on blink cooldown
A: no striking features
a: no special abilities


You were on level 3 of the Dungeon.
You visited 1 branch of the dungeon, and saw 3 of its levels.

You collected 87 gold pieces.

Inventory:

Hand Weapons
 d - a +0 spear
Armour
 b - a +0 robe (worn)
 c - a +0 hat (worn)
 f - a +0 pair of boots (worn)
Magical Staves
 i - a staff of death (weapon)
Jewellery
 a - an amulet of faith
 g - a +4 ring of evasion (left hand)
 j - a ring of protection from fire
Wands
 h - a wand of acid (2)
Scrolls
 e - a scroll of teleportation
 k - a scroll of blinking {unknown}
 l - a scroll of fog {unknown}
 m - a scroll of magic mapping {unknown}
 n - a scroll of holy word {unknown}
 o - a scroll of fear {unknown}


   Skills:
 * Level 1.5 Fighting
 * Level 3.7 Dodging
 - Level 2.4 Stealth
 * Level 5.1 Spellcasting
 * Level 1.3 Conjurations
 - Level 1.1 Summonings
 + Level 0.1 Necromancy
 - Level 1.1 Translocations


You had 2 spell levels left.
You knew the following spells:

 Your Spells              Type           Power      Damage    Failure   Level
a - Magic Dart            Conj           44%        1d5       6%          1
b - Blink                 Tloc           18%        N/A       11%         2
c - Call Imp              Summ           9%         N/A       11%         2
d - Conjure Flame         Conj/Fire      8%         6-21      24%         3
e - Mephitic Cloud        Conj/Pois/Air  7%         N/A       26%         3

Your spell library contained the following spells:

 Spells                   Type           Power      Damage    Failure   Level
 Slow                     Hex            20%        N/A       11%         1


Dungeon Overview and Level Annotations

Branches:
Dungeon (3/15)

Altars:
Hepliaklqana

Annotations:
D:3 Grinder


Message History

r - Retreat! s - Stop attacking. g - Guard the area. f - Follow me.
Anything else - Cancel.
Gang up on whom?
Press: ? - help, Dir - move target, f/p - Grinder
Aim: Grinder (severely wounded, ally target) Attack!
Grinder gestures at you.
You suddenly lose the ability to move!
Grinder hits you! Grinder hits you but does no damage.
Your crimson imp barely misses Grinder.
Grinder hits you!
* * * LOW HITPOINT WARNING * * *
You writhe in agony.
* * * LOW HITPOINT WARNING * * *
Your crimson imp barely misses Grinder.
Your magical contamination has completely faded away.
Grinder hits you but does no damage.
Your crimson imp hits Grinder.
You can move again.
Aiming: Corrosive Bolt
Press: ? - help, Shift-Dir - straight line, f/p - Grinder
Aim: Grinder (severely wounded, ally target, 68% to hit)
The bolt of acid hits Grinder!
Grinder is almost dead.
Grinder closely misses you.
Your crimson imp hits Grinder.
Aiming: Corrosive Bolt
Press: ? - help, Shift-Dir - straight line, f/p - Grinder
Aim: Grinder (almost dead, ally target, 68% to hit)
The bolt of acid misses Grinder.
Grinder gestures at you.
You shrug off the repeated paralysis!
Your crimson imp misses Grinder.
Casting: Magic Dart (safe; 6% risk of failure)
Confirm with . or Enter, or press ? or * to list all spells.
You blink.
A sky beast comes into view.
Found 3 boomerangs.
Your crimson imp disappears in a puff of smoke!
Grinder gestures at you. Pain shoots through your body!
You die...

. .. ####. .. #.
.... .
...##.###..##...
........#....(..
..#...@.#
#..............
####....##..###
#.######...## .Y#
.#........5.# ...
..)....<..ยงยง# ##
.............#
................
...............#.#


You could see Grinder and a sky beast (asleep).

Vanquished Creatures
  3 adders (D:2)
  A worm (D:2)
  4 dart slugs
  3 ball pythons
  3 bats
  2 endoplasms
  A giant cockroach (D:1)
  4 goblins
  3 hobgoblins
  4 kobolds
  A frilled lizard (D:2)
  4 rats
33 creatures vanquished.

Notes
Turn   | Place    | Note
-------+----------+-------------------------------------------
     0 | D:1      | hashsling the Deep Elf Hedge Wizard began the quest for the
                  | Orb.
     0 | D:1      | Reached XP level 1. HP: 10/10 MP: 7/7
   372 | D:1      | Reached XP level 2. HP: 16/16 MP: 5/9
   605 | D:1      | Found a faded altar of an unknown god.
   626 | D:1      | Reached skill level 1 in Fighting
   914 | D:2      | Reached XP level 3. HP: 9/20 MP: 4/11
   969 | D:2      | Learned a level 2 spell: Blink
   972 | D:2      | Learned a level 2 spell: Call Imp
   976 | D:2      | Learned a level 3 spell: Conjure Flame
   980 | D:2      | Learned a level 3 spell: Mephitic Cloud
  1436 | D:2      | Reached skill level 5 in Spellcasting
  1503 | D:2      | Found a hazy altar of Hepliaklqana.
  1903 | D:3      | Reached XP level 4. HP: 25/25 MP: 3/13
  1933 | D:3      | Noticed Grinder
  2026 | D:3      | Paralysed by Grinder for 7 turns
  2035 | D:3      | Noticed a sky beast
  2035 | D:3      | Killed from afar by Grinder

Illustrated notes

Levels and vault maps discovered:
D:1:      psy_arrival_terrarium, layout_basic, ebering_ecumenical_altar_hall
D:2:      layout_rooms, basic_altar, minmay_quadrilaterals
D:3:      layout_rooms, uniq_jessica, uniq_robin, uniq_grinder

Skill      XL: |  1  2  3 |
---------------+----------+-----
Dodging        | 3 |  3.7
Fighting       | 1 |  1.5
Spellcasting   | 5 |  5.1
Stealth        | |  2.4
Conjurations   | |  1.3
Summonings     | |  1.1
Necromancy     | |  0.1
Translocations | |  1.1

Action                   |  1- 3 |  4- 6 || total
-------------------------+-------+-------++-------
Melee: Dagger            |    10 |       ||    10
       Spear             |    10 |       ||    10
       Punch             |     1 |       ||     1
       Staff             |     3 |       ||     3
 Cast: Magic Dart        |    86 |    11 ||    97
       Blink             |     2 |     2 ||     4
       Call Imp          |     1 |     1 ||     2
Evoke: Wand              |       |     3 ||     3
  Use: Scroll            |     1 |       ||     1
 Stab: Sleeping          |     1 |       ||     1
Armor: Robe              |     5 |     2 ||     7
Dodge: Dodged            |    21 |     4 ||    25

Table legend: (Time is in decaauts)
 A = Elapsed time spent in this place.
 B = Non-inter-level travel time spent in this place.
 C = Inter-level travel time spent in this place.
 D = Time resting spent in this place.
 E = Time spent auto-exploring this place.
 F = Levels seen in this place.
 G = Mean time per level.
                   A        B        C        D        E       F      G
               +--------+--------+--------+--------+--------+-----+--------+
         Total |   2035 |   1993 |     42 |    316 |   1370 |   3 |  678.3 |
       Dungeon |   2035 |   1993 |     42 |    316 |   1370 |   3 |  678.3 |
               +--------+--------+--------+--------+--------+-----+--------+

Top non-repeatable levels by time:
     D:2: 1072 daAuts
     D:1: 889 daAuts
     D:3: 74 daAuts
